 Dungeon Crawl Stone Soup version 0.30-a0-772-g5528072125 (webtiles) character file.

Game seed: 2474758254536777456

5670 iguanaiguana the Markself (level 10, -5/56 HPs)
             Began as a Deep Elf Hunter on Feb 11, 2023.
             Was a Believer of Hepliaklqana.
             Killed from afar by an electric eel (13 damage)
             ... with a bolt of electricity
             ... on level 8 of the Dungeon on Feb 12, 2023.
             The game lasted 00:40:58 (10790 turns).

iguanaiguana the Markself (Deep Elf Hunter)        Turns: 10790, Time: 00:40:59

Health: -5/56      AC:  7    Str:  8    XL:     10   Next: 47%
Magic:  15/15      EV: 20    Int: 21    God:    Hepliaklqana [**....]
Gold:   581        SH:  0    Dex: 22    Spells: 9/13 levels left

rFire   . . .      SeeInvis +    a - +0 shortbow
rCold   . . .      Faith    .    (shield currently unavailable)
rNeg    . . .      Spirit   .    s - +0 steam dragon scales
rPois   +          Reflect  .    (no helmet)
rElec   .          Harm     .    (no cloak)
rCorr   .          Rampage  .    g - +0 pair of gloves
Will    +....                    p - +0 pair of boots
Stlth   ++                       (no amulet)
HPRegen 0.29/turn                e - +5 ring of evasion
MPRegen 0.14/turn                n - ring of Fatigue {rPois Int+6 SInv}

@: very slow
A: reduced essence
a: Renounce Religion, Recall Ancestor, Ancestor Identity


You were on level 8 of the Dungeon.
You worshipped Hepliaklqana.
Hepliaklqana was pleased with you.
You visited 2 branches of the dungeon, and saw 9 of its levels.
You also visited: Sewer.

You collected 617 gold pieces.
You spent 36 gold pieces at shops.

Inventory:

Hand Weapons
 a - a +0 shortbow (weapon)
 y - a +1 demon whip of venom
 z - a +0 long sword
Missiles
 r - 24 poisoned darts
 D - 2 boomerangs
 I - 2 curare-tipped darts
Armour
 g - a +0 pair of gloves (worn)
 p - a +0 pair of boots (worn)
 s - +0 steam dragon scales (worn)
 A - a +0 robe of resistance
Jewellery
 e - a +5 ring of evasion (left hand)
 i - a ring of positive energy
 j - a ring of protection from fire
 n - the ring of Fatigue (right hand) {rPois Int+6 SInv}
   (You took it off an orc on level 5 of the Dungeon)

   [ring of see invisible]

   Int:       It affects your intelligence (+6).
   rPois:     It protects you from poison.
   SInv:      It lets you see invisible.
 w - a +6 ring of intelligence
Wands
 b - a wand of light (2)
 c - a wand of iceblast (10) {@v2}
 o - a wand of digging (5) {@v3}
Scrolls
 d - a scroll of butterflies
 f - a scroll of fog
 k - a scroll of noise {unknown}
 l - a scroll of enchant weapon {unknown}
 m - 2 scrolls of amnesia {unknown}
 v - a scroll of acquirement {unknown}
 B - a scroll of blinking {unknown}
 F - a scroll of brand weapon {unknown}
 G - a scroll of teleportation {@r3}
 H - a scroll of enchant armour {unknown}
Potions
 h - a potion of brilliance
 q - a potion of magic {unknown}
 t - 3 potions of flight
 u - 3 potions of haste {@q4}
 x - 2 potions of cancellation {unknown}
 C - a potion of attraction {unknown}
 E - 2 potions of curing {@q1}


   Skills:
 + Level 7.2 Fighting
 - Level 16.0 Ranged Weapons
 - Level 5.0 Dodging
 - Level 4.0 Stealth
 - Level 2.0 Spellcasting
 - Level 4.0 Hexes


You had 9 spell levels left.
You knew the following spells:

 Your Spells              Type           Power      Damage    Failure   Level
a - Slow                  Hex            72%        N/A       2%          1
b - Confusing Touch       Hex            18%        N/A       9%          3

Your spell library contained the following spells:

 Spells                   Type           Power      Damage    Failure   Level
 Ensorcelled Hibernation  Hex/Ice        20%        N/A       10%         2
 Sting                    Tmut/Pois      8%         1d3       14%         1
 Inner Flame              Hex/Fire       10%        N/A       19%         3
 Passwall                 Tmut/Erth      1%         N/A       22%         2
 Poisonous Vapours        Pois/Air       4%         N/A       22%         2
 Cause Fear               Hex            9%         N/A       28%         4
 Hailstorm                Conj/Ice       2%         3d3       41%         3
 Stone Arrow              Conj/Erth      4%         3d7       41%         3
 Swiftness                Air            2%         N/A       41%         3
 Vampiric Draining        Necr           2%         2d6       41%         3
 Animate Armour           Summ/Erth      4%         N/A       82%         4
 Ice Form                 Ice/Tmut       2%         N/A       82%         4
 Olgreb's Toxic Radiance  Pois           2%         N/A       82%         4
 Simulacrum               Ice/Necr       1%         N/A       100%        6
 Discord                  Hex            9%         N/A       100%        8
 Lehudib's Crystal Spear  Conj/Erth      1%         10d2      100%        8


Dungeon Overview and Level Annotations

Branches:
Dungeon (8/15) Zot: 25890  Temple (1/1) D:4 Zot: 5975   Sewer (visited)
   Lair: D:8-11

Altars:
Ashenzari
Dithmenos
Gozag
Hepliaklqana
Kikubaaqudgha
Nemelex Xobeh
Qazlal
Ru
Sif Muna
Uskayaw
Wu Jian
Yredelemnul
Zin

Shops:
D:1 ?

Annotations:
D:3 2 runed translucent doors, exclusions: 2 doors and 2 downstairs, Beavis's ghost, weakling GnWn
D:8 1 runed translucent door, osoart's ghost, novice MiGl


Message History

You start resting.
You are no longer poisoned.
You start resting.
HP restored.
x - 2 yellow potions (gained 1)
You see here a +1 demon whip of venom.
y - a +1 demon whip of venom
H - a scroll labelled IKHLUY TOZO You enter the shallow water.
Moving in this stuff is going to be slow.
I - a curare-tipped dart
I - 2 curare-tipped darts (gained 1)
You swap places.
You now have 581 gold pieces (gained 16).
You enter the shallow water.
Moving in this stuff is going to be slow.
An electric eel comes into view.
The electric eel shoots out a bolt of lightning at you!
The bolt of electricity hits you!
You start resting.
Ancestor HP restored.
You start resting.
HP restored.
You swap places.
You enter the shallow water.
Moving in this stuff is going to be slow.
An electric eel comes into view.
The electric eel shoots out a bolt of lightning at you!
The bolt of electricity hits you!
The electric eel shoots out a bolt of lightning at you!
The bolt of electricity hits you!
You swap places.
The electric eel shoots out a bolt of lightning at you!
The bolt of electricity hits Rags!
The bolt of electricity hits you! x2
* * * LOW HITPOINT WARNING * * *
The electric eel shoots out a bolt of lightning at you!
The bolt of electricity hits you!
* * * LOW HITPOINT WARNING * * *
The bolt of electricity hits you!
You die...

...... .. #...####.##. ~~~~~.♣ .
##6##......#. ~~~~P.~ .
#..........#.
♣~~~~.P♣~####............
♣~~~.P~♣♣.....#.##......
♣~~~.~P♣~....#####......
P♣~S~.R≈♣~#....#.#...####
.~~~~.~~♣###.....^...#
..~~~.~♣@###........#####
#..♣~~.~♣~##..............
....####..♣~S.~♣~................
...)#....♣~~~.~♣♣#####...........
.........♣~~~.~~~~#####.......#..
.........~~~~.~~~~#.#.R......###.
.........♣~~P.~~~♣...........## ♣
.........~~~~.P~~~.#.#........♣
.....###..~~P.P~~♣#..###.#...#♣♣~


You could see the friendly Rags the knight and an electric eel (ally target).

Vanquished Creatures
  Amaemon (D:8)
  Joseph (D:7)
  Sigmund (D:2)
  A steam dragon (D:6)
  2 water moccasins
  2 sky beasts
  An orc warrior (D:7)
  2 black bears
  An ice beast (D:6)
  3 ogres
  A centaur (D:7)
  2 kobold brigands
  A necrophage (D:6)
  A gnoll sergeant (D:8)
  2 scorpions (D:5)
  5 wights
  3 killer bees (D:5)
  3 electric eels (D:8)
  7 orc priests
  2 hounds
  3 jellies (D:5)
  4 iguanas
  5 gnoll boudas
  Natasha (thrice) (D:3)
  5 orc wizards
  A river rat (Sewer)
  6 adders
  23 gnolls
  A white imp (D:5)
  5 ufetubi
  3 worms
  3 dart slugs
  23 orcs
  5 bats
  6 endoplasms
  4 giant cockroaches
  7 goblins
  12 hobgoblins
  5 jackals
  7 quokkas
  11 ball pythons
  3 frilled lizards
  15 kobolds
  8 rats
210 creatures vanquished.

Vanquished Creatures (collateral kills)
  An orange demon (D:8)
  A water moccasin (D:5)
  A sky beast (D:8)
  An ice beast (D:5)
  2 orc warriors
  An ogre (D:5)
  A phantom (D:6)
  3 bullfrogs
  A scorpion (D:7)
  A jelly (D:7)
  3 orc priests
  An orc wizard (D:7)
  An adder (D:6)
  A gnoll (D:6)
  4 orcs
23 creatures vanquished.

Vanquished Creatures (others)
  A knight (D:7)
  3 ancestors
  24 plants
28 creatures vanquished.

Grand Total: 261 creatures vanquished

Notes
Turn   | Place    | Note
-------+----------+-------------------------------------------
     0 | D:1      | iguanaiguana the Deep Elf Hunter began the quest for the
                  | Orb.
     0 | D:1      | Reached XP level 1. HP: 12/12 MP: 3/3
    88 | D:1      | You fall into a shaft and drop 1 floor!
   138 | D:1      | Reached XP level 2. HP: 13/16 MP: 4/4
   310 | D:1      | Found The Oracle's Delphic Readings.
   333 | D:1      | Bought a scroll of teleportation for 36 gold pieces
   508 | D:1      | Reached XP level 3. HP: 20/20 MP: 5/5
   799 | D:2      | Noticed Sigmund
  1229 | D:2      | Reached XP level 4. HP: 27/27 MP: 6/6
  1545 | D:2      | Noticed a black bear
  1563 | D:2      | Killed a black bear
  1564 | D:2      | Reached skill level 7 in Ranged Weapons
  1564 | D:2      | Reached XP level 5. HP: 23/32 MP: 7/7
  2347 | D:3      | Found a runed translucent door.
  2350 | D:3      | Noticed Beavis's ghost (weakling GnWn)
  2491 | D:2      | Killed Sigmund
  2492 | D:2      | Reached skill level 8 in Ranged Weapons
  2492 | D:2      | Reached XP level 6. HP: 32/37 MP: 8/8
  2961 | D:3      | Reached XP level 7. HP: 41/41 MP: 9/9
  3145 | D:3      | Found a runed translucent door.
  3285 | D:3      | Noticed Natasha
  3287 | D:3      | Killed Natasha
  3519 | D:3      | Found a runed translucent door.
  3688 | D:3      | Noticed Natasha
  3690 | D:3      | Killed Natasha
  4047 | D:3      | Found a runed translucent door.
  4100 | D:3      | Found a runed translucent door.
  4248 | D:3      | Noticed Natasha
  4257 | D:3      | Killed Natasha
  4258 | D:3      | Reached skill level 9 in Ranged Weapons
  4886 | D:3      | Reached skill level 5 in Dodging
  5283 | D:4      | Reached skill level 10 in Ranged Weapons
  5388 | D:4      | Found a stormy altar of Qazlal.
  5511 | D:4      | Learned a level 1 spell: Slow
  5525 | D:4      | Found a staircase to the Ecumenical Temple.
  5588 | D:4      | Reached XP level 8. HP: 46/46 MP: 10/10
  5620 | D:4      | Reached skill level 1 in Spellcasting
  5720 | D:4      | Learned a level 3 spell: Confusing Touch
  5721 | D:5      | Entered Level 5 of the Dungeon
  5731 | Temple   | Entered the Ecumenical Temple
  5747 | Temple   | Became a worshipper of Hepliaklqana the Forgotten
  5773 | D:5      | Found a glowing drain.
  5852 | Sewer    | Entered a sewer
  6051 | Sewer    | Found a white marble altar of Elyvilon.
  6310 | D:5      | Reached skill level 11 in Ranged Weapons
  6838 | D:5      | Identified the ring of Fatigue {rPois Int+6 SInv}
  6861 | D:5      | Reached * piety under Hepliaklqana
  6877 | D:5      | Reached skill level 12 in Ranged Weapons
  7106 | D:5      | Reached skill level 13 in Ranged Weapons
  7315 | D:6      | Reached XP level 9. HP: 45/45 MP: 12/14
  7340 | D:6      | Upgraded the game from 0.30-a0-760-g5a9884bb7c to
                  | 0.30-a0-772-g5528072125
  7504 | D:6      | Reached skill level 14 in Ranged Weapons
  7504 | D:6      | Found a shadowy altar of Dithmenos.
  7680 | D:6      | Found a sacrificial altar of Ru.
  8067 | D:6      | Reached skill level 15 in Ranged Weapons
  8188 | D:7      | Found a broken altar of Ashenzari.
  8278 | D:7      | Noticed Joseph
  8567 | D:6      | Reached skill level 16 in Ranged Weapons
  8915 | D:7      | Reached ** piety under Hepliaklqana
  8916 | D:7      | Remembered your ancestor Rags as a knight
  9162 | D:7      | Killed Joseph
  9163 | D:7      | Reached XP level 10. HP: 32/52 MP: 15/15
  9661 | D:8      | Noticed osoart's ghost (novice MiGl)
  9661 | D:8      | Found a runed translucent door.
  9742 | D:8      | Reached skill level 5 in Fighting
 10010 | D:8      | Noticed Amaemon
 10030 | D:8      | Noticed an orange demon
 10061 | D:8      | Killed an orange demon
 10593 | D:8      | Killed Amaemon
 10790 | D:8      | Killed from afar by an electric eel

Illustrated notes

Levels and vault maps discovered:
D:1:      tarquinn_simple_flora_water_f, layout_loops_ring,
          nicolae_nh_oracle_at_delphi
D:2:      minmay_thinvault, layout_basic, minmay_goblin_outpost, uniq_sigmund
D:3:      layout_loops_ring, ebering_ghost_sewer_f, grunt_decor_clamped,
          uniq_natasha
D:4:      layout_cave_pools, kennysheep_mini_moat, minmay_temple_entry_tees
D:5:      kb_forest_paths, layout_basic, gup_sewer_entry_glass,
          minmay_fractal_squares_diagonal_5
D:6:      layout_rooms, kennysheep_mini, nicolae_dithmenos_the_darkroom,
          serial_bayou_lagoon_a
D:7:      layout_basic, cheibrodos_ashenzari_chains, nicolae_fountain_basement,
          uniq_joseph
D:8:      layout_cave_pools, gammafunk_temple_overflow_forgotten, serial_bayou,
          serial_bayou_lagoon_b, serial_bayou_pond_d, serial_bayou_crossing,
          serial_bayou_shore_a, hellmonk_ghost_happy_afterlife, uniq_amaemon
Temple:   eino_narrow_crystal_temple

Skill      XL: |  1  2  3  4  5  6  7  8  9 10 |
---------------+-------------------------------+-----
Stealth        | 2 4 |  4.0
Fighting       | 2 3 4 7 |  7.2
Ranged Weapons | 7 8 10 13 16 | 16.0
Dodging        | 3 4 5 |  5.0
Hexes          | 2 4 |  4.0
Spellcasting   | 2 |  2.0

Action                     |  1- 3 |  4- 6 |  7- 9 | 10-12 || total
---------------------------+-------+-------+-------+-------++-------
   Fire: Shortbow          |   128 |   109 |   474 |   113 ||   824
  Throw: Dart              |       |       |    13 |     2 ||    15
   Cast: Slow              |       |       |    37 |    15 ||    52
 Invoke: Recall Ancestor   |       |       |     3 |     4 ||     7
         Ancestor Life: Kn |       |       |     1 |       ||     1
         Ancestor Identity |       |       |     1 |       ||     1
  Evoke: Wand              |       |       |     6 |       ||     6
    Use: Scroll            |     3 |     2 |     7 |     1 ||    13
         Potion            |       |     1 |     5 |       ||     6
 Armour: Leather armour    |     8 |     5 |    24 |       ||    37
         Skin              |       |       |     6 |       ||     6
         Robe              |       |       |     2 |       ||     2
         Steam dragon scal |       |       |       |     2 ||     2
  Dodge: Dodged            |    45 |    44 |   134 |     5 ||   228

Table legend: (Time is in decaauts)
 A = Elapsed time spent in this place.
 B = Non-inter-level travel time spent in this place.
 C = Inter-level travel time spent in this place.
 D = Time resting spent in this place.
 E = Time spent auto-exploring this place.
 F = Levels seen in this place.
 G = Mean time per level.
                   A        B        C        D        E       F      G
               +--------+--------+--------+--------+--------+-----+--------+
         Total |  10856 |   9917 |    939 |   1452 |   6272 |  10 | 1085.6 |
       Dungeon |  10559 |   9620 |    939 |   1368 |   6150 |   8 | 1319.9 |
        Temple |     24 |     24 |      0 |      0 |      0 |   1 |   24.0 |
         Sewer |    272 |    272 |      0 |     84 |    122 |   1 |  272.0 |
               +--------+--------+--------+--------+--------+-----+--------+

Top non-repeatable levels by time:
     D:3: 2600 daAuts
     D:2: 1779 daAuts
     D:7: 1455 daAuts
     D:5: 1321 daAuts
     D:6: 1267 daAuts
     D:1: 808 daAuts
     D:8: 664 daAuts
     D:4: 662 daAuts
   Sewer: 272 daAuts
  Temple: 24 daAuts
